 Dungeon Crawl Stone Soup version 0.31-a0-240-gb923e448b6 (webtiles) character file.

Game seed: 16148411079830135349

635 qw the Shooter (level 7, -8/44 HPs)
             Began as a Gargoyle Hexslinger on July 11, 2023.
             Mangled by Blork the orc
             ... wielding a +0 halberd
              (11 damage)
             ... on level 4 of the Dungeon.
             The game lasted 00:00:56 (2798 turns).

qw the Shooter (Gargoyle Hexslinger)                Turns: 2798, Time: 00:00:57

Health: -8/44      AC: 11    Str: 11    XL:     7   Next: 50%
Magic:  8/8        EV: 10    Int: 12    God:
Gold:   124        SH:  0    Dex: 18    Spells: 7/8 levels left

rFire   . . .        Y - +2 sling
rCold   . . .        (no shield)
rNeg    + . .        f - +0 ring mail
rPois   inf          (no helmet)
rElec   +            (no cloak)
rCorr   .            (no gloves)
SInv    .            (no boots)
Will    .....        (no amulet)
Stlth   +            (no ring)
HPRegen 0.27/turn    (no ring)
MPRegen 0.11/turn

%: no passive effects
@: no status effects
A: sickness immunity, AC +4, negative energy resistance 1, electricity
resistance, torment resistance 1, petrification resistance, agile 1, passive
freeze, shaggy fur 1
a: no special abilities


You were on level 4 of the Dungeon.
You visited 1 branch of the dungeon, and saw 4 of its levels.

You collected 124 gold pieces.


Innate Abilities, Weirdness & Mutations

You are immune to sickness and miasma.
Your stone body is resilient. (AC +4)
You are immune to poison.
You resist negative energy. (rN+)
You are resistant to electric shocks. (rElec)
You are resistant to unholy torment.
You are immune to petrification.
You are agile. (Dex +4, Str/Int -1)
A frigid envelope surrounds you and freezes all who hurt you.
You are covered in fur. (AC +1)


   Skills:
 - Level 5.2 Fighting
 + Level 5.7 Ranged Weapons
 - Level 3.0 Armour
 - Level 1.5 Dodging
 - Level 1.0 Spellcasting
 - Level 2.6 Hexes


You had 7 spell levels left.
You knew the following spells:

 Your Spells              Type           Power      Damage    Failure   Level
a - Slow                  Hex            28%        N/A       22%         1

Your spell library contained the following spells:

 Spells                   Type           Power      Damage    Failure   Level
 Inner Flame              Hex/Fire       3%         N/A       75%         3
 Portal Projectile        Hex/Tloc       6%         N/A       75%         3
 Cause Fear               Hex            3%         N/A       92%         4

Inventory:

Hand Weapons
 Y - a +2 sling (weapon)
Armour
 a - the +1 leather armour of Detros {Harm rCorr Int+3}
   (You found it on level 2 of the Dungeon)

   Int:       It affects your intelligence (+3).
   rCorr:     It protects you from acid and corrosion.
   Harm:      It increases damage dealt and taken.
 f - a +0 ring mail (worn)
Jewellery
 e - a +6 ring of dexterity
Scrolls
 g - a scroll of revelation {unknown}
Potions
 c - a potion of berserk rage {unknown}
 d - 2 potions of mutation
 i - a potion of curing

Dungeon Overview and Level Annotations

Branches:
Dungeon (4/15)
 Temple: D:4-7

Altars:

Shops:
D:4 =

Annotations:
D:2 1 runed translucent door, Crazy Yiuf
D:4 Blork the orc, Edmund


Message History

Edmund is moderately wounded.
You shoot a sling bullet. The sling bullet closely misses Edmund.
Blork the orc barely misses you.
Edmund hits you with a +1 flail of protection!
Edmund is very cold.
Edmund is moderately wounded.
You shoot a sling bullet. The sling bullet hits Edmund.
Edmund is heavily wounded.
Blork the orc hits you from afar with a +0 halberd.
Edmund hits you with a +1 flail of protection.
2793 ||| DRINKING potion of heal wounds.
You feel much better.
Blork the orc hits you from afar with a +0 halberd.
Edmund hits you with a +1 flail of protection.
Edmund is very cold.
Edmund is heavily wounded.
You shoot a sling bullet.
The sling bullet hits Edmund but does no damage.
Edmund is heavily wounded.
Blork the orc barely misses you. Edmund completely misses you.
You shoot a sling bullet. The sling bullet closely misses Edmund.
Blork the orc barely misses you. Edmund barely misses you.
Blork the orc barely misses you.
Edmund hits you with a +1 flail of protection.
Edmund is very cold.
Edmund is severely wounded.
You shoot a sling bullet. The sling bullet hits Edmund.
Edmund is severely wounded.
Blork the orc closely misses you.
Edmund hits you with a +1 flail of protection!
Edmund is very cold.
Edmund is almost dead.
You shoot a sling bullet. The sling bullet barely misses Edmund.
Blork the orc screams, "Die!"
Blork the orc gestures wildly while chanting.
Blork the orc seems to speed up.
Edmund barely misses you.
You shoot a sling bullet. The sling bullet hits Edmund.
Edmund is almost dead.
Blork the orc hits you from afar with a +0 halberd!
You die...

###............. .......#
.........##......##...>..
.........###....###....
..........###..## ......
#.........)##### .......
###.........# ..##....
##.(......# #.......##
#.##.)@## ## #.@## #.o#
#.... ####.o .). ....
...#. ..#.#.


You could see Edmund and Blork the orc (fast).

Vanquished Creatures
  Sigmund (D:2)
  Menkaure (D:4)
  A black bear (D:4)
  A phantom (D:4)
  A howler monkey (D:4)
  Jessica (D:2)
  An orc wizard (D:4)
  3 adders (D:3)
  4 dart slugs
  3 orcs
  9 endoplasms
  4 giant cockroaches
  5 hobgoblins
  4 kobolds
  6 quokkas
  3 ball pythons (D:1)
  A bat (D:3)
  2 frilled lizards
  6 goblins
  2 rats (D:2)
59 creatures vanquished.

Notes
Turn   | Place    | Note
-------+----------+-------------------------------------------
     0 | D:1      | qw the Gargoyle Hexslinger began the quest for the Orb.
     0 | D:1      | Reached XP level 1. HP: 12/12 MP: 2/2
     0 | D:1      | 0 ||| qw: Version: 0.3-a-52-g30416fa
     0 | D:1      | 0 ||| qw: Game counter: 6110
     0 | D:1      | 0 ||| qw: Melee chars always use a shield: true
     0 | D:1      | 0 ||| qw: God list: Okawaru
     0 | D:1      | 0 ||| qw: Allow faded altars: false
     0 | D:1      | 0 ||| qw: Do Orc after clearing Dungeon:15 true
     0 | D:1      | 0 ||| qw: Do second Lair branch before Depths: true
     0 | D:1      | 0 ||| qw: Lair rune preference: random
     0 | D:1      | 0 ||| qw: Goals: Normal
     0 | D:1      | 0 ||| PLANNING D:1-11
   140 | D:1      | Reached XP level 2. HP: 16/16 MP: 3/3
   280 | D:1      | Reached skill level 3 in Ranged Weapons
   577 | D:1      | 577 ||| UPGRADING to +0 leather armour.
   587 | D:1      | 587 ||| DROPPING +0 robe.
   588 | D:1      | 588 ||| DRINKING 2 fizzy amethyst potions.
   588 | D:1      | Gained mutation: A frigid envelope surrounds you and
                  | freezes all who hurt you. [potion of mutation]
   588 | D:1      | Gained mutation: You are covered in fur. (AC +1) [potion of
                  | mutation]
   588 | D:1      | Gained mutation: You are agile. (Dex +4, Str/Int -1)
                  | [potion of mutation]
   589 | D:1      | 589 ||| DROPPING scroll of poison.
   610 | D:2      | 610 ||| STAIRDANCE
   669 | D:2      | Noticed Sigmund
   675 | D:2      | Killed Sigmund
   676 | D:2      | Reached XP level 3. HP: 12/26 MP: 4/4
   676 | D:2      | Reached XP level 4. HP: 14/31 MP: 5/5
   676 | D:2      | Reached XP level 5. HP: 16/35 MP: 6/6
   676 | D:2      | 676 ||| FLEEEEING.
   677 | D:2      | 677 ||| FLEEEEING.
   678 | D:2      | 678 ||| FLEEEEING.
   679 | D:2      | 679 ||| FLEEEEING.
   680 | D:2      | 680 ||| FLEEEEING.
   681 | D:2      | 681 ||| FLEEEEING.
   682 | D:2      | 682 ||| FLEEEEING.
   684 | D:2      | 684 ||| FLEEEEING.
   685 | D:2      | 685 ||| FLEEEEING.
   686 | D:2      | 686 ||| FLEEEEING.
   687 | D:2      | 687 ||| FLEEEEING.
   688 | D:2      | 688 ||| FLEEEEING.
   689 | D:2      | 689 ||| FLEEEEING.
   690 | D:2      | 690 ||| FLEEEEING.
   691 | D:2      | 691 ||| FLEEEEING.
   692 | D:2      | 692 ||| FLEEEEING.
   693 | D:2      | 693 ||| FLEEEEING.
   694 | D:2      | 694 ||| FLEEEEING.
   695 | D:2      | 695 ||| FLEEEEING.
   696 | D:2      | 696 ||| FLEEEEING.
   697 | D:2      | 697 ||| FLEEEEING.
   698 | D:2      | 698 ||| FLEEEEING.
   699 | D:2      | 699 ||| FLEEEEING.
   700 | D:2      | 700 ||| STAIRDANCE
   750 | D:1      | 750 ||| READING scroll labelled DYSHRA FUCOL.
   751 | D:1      | 751 ||| READING scroll labelled CUXEGY VIRI.
   948 | D:2      | Identified the +1 leather armour of Detros {Harm rCorr
                  | Int+3}
  1023 | D:2      | Noticed Jessica
  1032 | D:2      | Killed Jessica
  1106 | D:2      | Found a faded altar of an unknown god.
  1551 | D:2      | Reached XP level 6. HP: 40/40 MP: 7/7
  1643 | D:2      | Found a runed translucent door.
  1644 | D:2      | Noticed Crazy Yiuf
  1792 | D:2      | 1792 ||| UPGRADING to +0 ring mail.
  1802 | D:2      | 1802 ||| DROPPING +0 leather armour.
  1803 | D:2      | 1803 ||| DRINKING 2 fuming brown potions.
  1804 | D:2      | 1804 ||| DRINKING 2 grey potions.
  1805 | D:2      | 1805 ||| DROPPING potion of degeneration.
  2274 | D:3      | 2274 ||| READING scroll labelled LUCROPL HAZUJ.
  2275 | D:3      | 2275 ||| READING scroll labelled ASITHA MAOMYS.
  2280 | D:3      | 2280 ||| READING scroll labelled XYIFASY SARI.
  2281 | D:3      | 2281 ||| READING scroll labelled ROUG ANESU.
  2331 | D:4      | Noticed Menkaure
  2337 | D:4      | Killed Menkaure
  2338 | D:4      | Reached skill level 3 in Armour
  2475 | D:4      | Reached XP level 7. HP: 40/44 MP: 8/8
  2735 | D:4      | Found Opluahis's Jewellery Emporium.
  2749 | D:4      | 2749 ||| SHOPLISTING +4 ring of protection (396 gold, have
                  | 102).
  2749 | D:4      | 2749 ||| SHOPLISTING +6 ring of dexterity (396 gold, have
                  | 102).
  2749 | D:4      | 2749 ||| SHOPLISTING amulet "Tuto" {Acrobat rElec Stlth+}
                  | (514 gold, have 102).
  2749 | D:4      | 2749 ||| SHOPLISTING amulet of the acrobat (330 gold, have
                  | 102).
  2778 | D:4      | Noticed Blork the orc
  2782 | D:4      | 2782 ||| Stepping ~*~*~tactically~*~*~ (outnumbered).
  2787 | D:4      | Noticed Edmund
  2792 | D:4      | HP: 10/44 [Blork the orc/+0 halberd (5)]
  2792 | D:4      | HP: 4/44 [Edmund/+1 flail of protection (6)]
  2793 | D:4      | 2793 ||| DRINKING potion of heal wounds.
  2798 | D:4      | Mangled by Blork the orc

Levels and vault maps discovered:
D:1:      erik_arrival_triangle_small, layout_loops_ring
D:2:      layout_loops_corners, dreamdust_ecumenical_altar_angels_and_demons,
          kennysheep_generic_room_15, uniq_sigmund, uniq_crazy_yiuf_cottage,
          uniq_jessica
D:3:      layout_rooms, grunt_ministairs_6
D:4:      cheibrodos_quashed, layout_layer_cave, serial_shops,
          nicolae_shop_stone, minivault_19, uniq_edmund, uniq_menkaure,
          uniq_blork_the_orc

Skill      XL: |  1  2  3  4  5  6  7 |
---------------+----------------------+-----
Ranged Weapons | 3 4 5 |  5.7
Fighting       | 5 |  5.2
Armour         | 3 |  3.0
Dodging        | |  1.5
Spellcasting   | |  1.0
Hexes          | |  2.6

Action                     |  1- 3 |  4- 6 |  7- 9 || total
---------------------------+-------+-------+-------++-------
   Fire: Sling             |    37 |    86 |    48 ||   171
    Use: Potion            |     1 |     2 |     1 ||     4
         Scroll            |       |     6 |       ||     6
 Armour: Leather armour    |     2 |     3 |       ||     5
         Ring mail         |       |    14 |     9 ||    23
  Dodge: Dodged            |     2 |    17 |    15 ||    34

Table legend:
 A = Non-vault XP
 B = Vault XP
 C = Vault XP percentage of total XP
 D = Non-vault monster count
 E = Vault monster count
 F = Vault count percentage of total count
                 A         B        C        D         E       F
            +---------+---------+-------+---------+---------+-------
      Total |     452 |     456 |  50.2 |      54 |       5 |   8.5
            +---------+---------+-------+---------+---------+-------
        D:1 |      26 |       0 |   0.0 |      13 |       0 |   0.0
        D:2 |      29 |     268 |  90.2 |      15 |       2 |  11.8
        D:3 |      40 |      16 |  28.6 |      10 |       2 |  16.7
        D:4 |     357 |     172 |  32.5 |      16 |       1 |   5.9
            +---------+---------+-------+---------+---------+-------
